 Dungeon Crawl Stone Soup version 0.31-a0-303-gdc8c9485ea (webtiles) character file.

Game seed: 1263829310394901615

7372 Newt the Cleaver (level 10, 0/79 HPs)
             Began as a Demonspawn Gladiator on July 16, 2023.
             Was a Priest of Okawaru.
             Slain by a komodo dragon (27 damage)
             ... on level 1 of the Lair of Beasts.
             The game lasted 00:10:42 (8650 turns).

Newt the Cleaver (Demonspawn Gladiator)             Turns: 8650, Time: 00:10:42

Health: 0/79       AC: 14    Str: 19    XL:     10   Next: 91%
Magic:  10/10      EV: 11    Int: 15    God:    Okawaru [***...]
Gold:   556        SH:  0    Dex: 15    Spells: 9/9 levels left

rFire   . . .        h - +2 hand axe (vamp)
rCold   . . .        (no shield)
rNeg    . . .        A - +2 chain mail {Will+}
rPois   .            c - +0 helmet
rElec   .            (no cloak)
rCorr   .            m - +1 pair of gloves
SInv    .            (no boots)
Will    +....        (no amulet)
Stlth   x              - +6 ring of intelligence
HPRegen 0.33/turn    (no ring)
MPRegen 0.12/turn

%: no passive effects
@: lethally poisoned (0 -> -22)
A: repulsion field 1, powered by death 2, spiny 2
a: Renounce Religion, Heroism


You were on level 1 of the Lair of Beasts.
You worshipped Okawaru.
Okawaru was most pleased with you.
You visited 3 branches of the dungeon, and saw 11 of its levels.
You also visited: Sewer.

You collected 576 gold pieces.
You spent 20 gold pieces at shops.

Inventory:

Hand Weapons
 a - a +0 heavy rapier
 h - a +2 vampiric hand axe (weapon)
Missiles
 e - 12 javelins
 o - 2 throwing nets (quivered)
 y - 10 boomerangs
Armour
 b - a +0 leather armour
 c - a +0 helmet (worn)
 d - +0 steam dragon scales
 m - a +1 pair of gloves (worn)
 A - a +2 chain mail of willpower (worn)
Jewellery
 x - a +6 ring of intelligence (left hand)
Wands
 l - a wand of flame (15)
 n - a wand of roots (11)
Scrolls
 g - 2 scrolls of enchant armour
 p - 5 scrolls of revelation
 s - 3 scrolls of teleportation
 t - a scroll of brand weapon
 u - a scroll of fear
 w - 2 scrolls of summoning
 z - a scroll of fog
Potions
 f - 2 potions of might
 i - 4 potions of curing
 j - 2 potions of attraction
 k - 2 potions of mutation
 q - 2 potions of brilliance
 r - 6 potions of enlightenment
 v - 2 potions of heal wounds {unknown}
 B - a potion of lignification {unknown}
 C - a potion of haste {unknown}


   Skills:
 - Level 7.0 Fighting
 - Level 2.6 Short Blades
 + Level 10.8 Axes
 - Level 1.1(6.9) Maces & Flails
 - Level 6.0 Throwing
 - Level 4.0 Armour
 - Level 4.0 Dodging
 - Level 5.0 Evocations


You had 9 spell levels left.
You didn't know any spells.
Your spell library contained the following spells:

 Spells                   Type           Power      Damage    Failure   Level
 Freeze                   Ice            0%         1d3       91%         1
 Shock                    Conj/Air       0%         1d3       91%         1
 Ozocubu's Armour         Ice            0%         N/A       100%        3
 Metabolic Englaciation   Hex/Ice        0%         N/A       100%        5
 Orb of Destruction       Conj           0%         9d5       100%        7
 Summon Guardian Golem    Hex/Summ       Unusable   N/A       N/A         3
 Simulacrum               Ice/Necr       Unusable   N/A       N/A         6
 Spellforged Servitor     Conj/Summ      Unusable   N/A       N/A         7

Dungeon Overview and Level Annotations

Branches:
Dungeon (9/15)             Temple (1/1) D:5            Lair (1/5) D:9
    Orc (0/2) D:9           Sewer (visited)

Altars:
Ashenzari
Cheibriados
Dithmenos
Fedhas
Gozag
Hepliaklqana
Kikubaaqudgha
Nemelex Xobeh
Okawaru
Qazlal
Ru
Sif Muna
Trog
Uskayaw
Vehumet
Wu Jian
Xom
Yredelemnul

Shops:
D:4 (   D:7 ?


Innate Abilities, Weirdness & Mutations

You are surrounded by a mild repulsion field. (EV +2)
You regenerate health from kills.
You are mostly covered in sharp spines.


Message History

You are poisoned.
The cane toad poisons you!
The komodo dragon bites you but does no damage.
You hit the komodo dragon but do no damage.
The komodo dragon is lightly wounded.
You barely miss the cane toad.
You feel very sick. The cane toad barely misses you.
Unknown command.
You barely miss the komodo dragon.
The komodo dragon is lightly wounded.
You hit the cane toad.
You feel sick. The komodo dragon bites you.
The cane toad completely misses you.
Unknown command.
You barely miss the komodo dragon.
The komodo dragon is lightly wounded.
You hit the cane toad.
You feel better.
You feel sick. The cane toad is struck by your spines.
The cane toad stings you!
The komodo dragon is struck by your spines.
The komodo dragon misses you.
Unknown command.
You hit the komodo dragon but do no damage.
The komodo dragon is lightly wounded.
You hit the cane toad but do no damage.
You feel sick. The cane toad is struck by your spines.
The cane toad stings you but does no damage.
Unknown command.
You barely miss the komodo dragon.
The komodo dragon is lightly wounded.
You barely miss the cane toad.
You feel sick.
The komodo dragon bites you but does no damage.
The cane toad stings you.
You are more poisoned.
The cane toad poisons you!
You barely miss the komodo dragon.
The komodo dragon is lightly wounded.
You hit the cane toad but do no damage.
You feel very sick. The komodo dragon bites you!!
You die...

*** ♣♣♣♣♣♣..♣♣♣♣♣♣♣♣ **,,,,,,**,
♣♣♣♣♣♣♣.F♣♣♣♣♣♣♣ **********
♣♣♣♣♣♣♣♣...♣♣♣♣♣ ♣♣♣♣♣♣♣♣♣♣.♣♣♣♣♣
***##########.########*******
***,,.#########.........,,,,*,***
,,,,,.#.P###.##.........,,,,,,,,,
,,,,,.......<...........,,,,,,,,,
,,,,,...........@###.****,,,,,,,*
,,***####.#####lF####* *,****,*,
,,* ##########..####****,* *,,*
,,***######.##....##P*,*,,****,,,
,,,,,................,,,,,**,*,*,
,,,,,..................,,,,,,,,,,
,,,,,..................,,,,,,,,,,
***,****.#~PPP..!..P~##******,,,,
*********#P~~~~~PS~~~#*****,*,,,,


You could see a komodo dragon and a cane toad.

Vanquished Creatures
  A two-headed ogre (D:9)
  A rime drake (D:9)
  2 polar bears (D:9)
  5 humans (D:7)
  A wraith (D:9)
  4 yaks (D:9)
  A steam dragon (D:7)
  Menkaure (D:5)
  A water moccasin (Lair:1)
  7 orc warriors
  9 ice beasts
  3 sky beasts
  A black bear (D:4)
  An ogre (D:7)
  3 wolves (D:9)
  4 centaurs
  A phantom (D:6)
  A scorpion (D:6)
  4 bullfrogs
  A gnoll sergeant (D:8)
  4 killer bees (D:8)
  4 howler monkeys
  A jelly (D:4)
  2 orc priests
  4 hounds
  6 iguanas
  Ijyb (D:3)
  9 orc wizards
  5 gnolls
  16 adders
  7 river rats (Sewer)
  A white imp (D:7)
  4 worms
  5 dart slugs
  43 orcs
  13 bats
  6 endoplasms
  6 giant cockroaches
  2 hobgoblins (D:4)
  5 jackals
  5 kobolds
  2 quokkas
  9 ball pythons
  4 frilled lizards
  8 goblins
  3 rats
227 creatures vanquished.

Vanquished Creatures (others)
  2 orc wizards (D:7)
  An adder (D:4)
  A gnoll (D:5)
4 creatures vanquished.

Grand Total: 231 creatures vanquished

Notes
Turn   | Place    | Note
-------+----------+-------------------------------------------
     0 | D:1      | Newt the Demonspawn Gladiator began the quest for the Orb.
     0 | D:1      | Reached XP level 1. HP: 16/16 MP: 1/1
   222 | D:1      | Gained mutation: You regenerate a little health from kills.
                  | [demonic ancestry]
   222 | D:1      | Reached XP level 2. HP: 17/23 MP: 2/2
   869 | D:2      | Gained mutation: You are surrounded by a mild repulsion
                  | field. (EV +2) [demonic ancestry]
   869 | D:2      | Reached XP level 3. HP: 29/29 MP: 3/3
  1418 | D:2      | Reached skill level 1 in Axes
  1684 | D:3      | Gained mutation: You are partially covered in sharp spines.
                  | [demonic ancestry]
  1684 | D:3      | Reached XP level 4. HP: 34/37 MP: 4/4
  1773 | D:3      | Noticed Ijyb
  1796 | D:3      | Killed Ijyb
  1797 | D:3      | Reached skill level 2 in Axes
  1896 | D:3      | Gained mutation: You are mostly covered in sharp spines.
                  | [demonic ancestry]
  1896 | D:3      | Reached XP level 5. HP: 40/42 MP: 5/5
  2146 | D:4      | Found Nohuas's Weapon Shoppe.
  2258 | D:4      | Noticed a black bear
  2267 | D:4      | Reached skill level 3 in Axes
  2275 | D:4      | Killed a black bear
  2276 | D:4      | Reached skill level 4 in Axes
  2338 | D:4      | Found a shimmering altar of Xom.
  2365 | D:4      | Reached XP level 6. HP: 40/48 MP: 6/6
  2424 | D:4      | You fall into a shaft and drop 3 floors!
  2443 | D:7      | Reached skill level 1 in Maces & Flails
  2552 | D:7      | Noticed a steam dragon
  2567 | D:7      | Killed a steam dragon
  2568 | D:7      | Reached XP level 7. HP: 16/54 MP: 7/7
  2755 | D:7      | Reached skill level 5 in Axes
  2795 | D:7      | Noticed a human
  2813 | D:7      | Killed a human
  2820 | D:7      | Noticed a human
  2824 | D:7      | Noticed a human
  2833 | D:7      | Killed a human
  2834 | D:7      | Gained mutation: You regenerate health from kills. [demonic
                  | ancestry]
  2834 | D:7      | Reached XP level 8. HP: 60/60 MP: 8/8
  2907 | D:7      | Reached skill level 5 in Fighting
  3262 | D:7      | Found a shadowy altar of Dithmenos.
  3354 | D:7      | Reached skill level 6 in Axes
  3362 | D:6      | Found a stormy altar of Qazlal.
  3470 | D:6      | Found a glowing drain.
  3488 | Sewer    | Entered a sewer
  3955 | D:6      | Reached skill level 7 in Axes
  3955 | D:6      | Reached XP level 9. HP: 72/72 MP: 9/9
  4564 | D:5      | Entered Level 5 of the Dungeon
  4785 | D:5      | Noticed Menkaure
  4795 | D:5      | Killed Menkaure
  4796 | D:5      | Reached skill level 8 in Axes
  5023 | D:5      | Found a staircase to the Ecumenical Temple.
  5051 | Temple   | Entered the Ecumenical Temple
  5206 | Temple   | Became a worshipper of Warmaster Okawaru
  5265 | D:5      | Found a shimmering blue altar of Sif Muna.
  5385 | D:5      | Got Sif Muna's Compendium of Feathers and Ice
  5390 | D:5      | Found a bloodstained altar of Trog.
  5436 | D:5      | Found a radiant altar of Vehumet.
  5715 | D:4      | Found a hazy altar of Hepliaklqana.
  5889 | D:4      | Found a sacrificial altar of Ru.
  6040 | D:7      | Reached skill level 1 in Evocations
  6310 | D:7      | Found Tujitz's Magic Scroll Boutique.
  6313 | D:7      | Bought a scroll of identify for 20 gold pieces
  6845 | D:8      | Reached * piety under Okawaru
  6846 | D:8      | Reached skill level 5 in Evocations
  6886 | D:8      | Reached XP level 10. HP: 29/79 MP: 10/10
  7603 | D:9      | Reached skill level 5 in Throwing
  7606 | D:9      | Reached ** piety under Okawaru
  7618 | D:9      | Reached skill level 9 in Axes
  7725 | D:9      | Found a staircase to the Lair.
  8125 | D:9      | Reached *** piety under Okawaru
  8152 | D:9      | Reached skill level 10 in Axes
  8170 | D:9      | Noticed a two-headed ogre
  8184 | D:9      | Killed a two-headed ogre
  8435 | D:9      | Found a staircase to the Orcish Mines.
  8620 | Lair:1   | Entered Level 1 of the Lair of Beasts
  8631 | Lair:1   | Noticed a cane toad
  8650 | Lair:1   | Slain by a komodo dragon

Illustrated notes

Levels and vault maps discovered:
D:1:      lemuel_arrival_river_bridge, layout_loops_ring
D:2:      layout_basic, st_stairs_6
D:3:      layout_rooms, uniq_ijyb
D:4:      layout_gridville, xom_confusion_cloud,
          nicolae_ru_the_path_less_chosen, nicolae_overflow_hidden_temple,
          serial_shops, nicolae_shop_tiny_glass
D:5:      layout_loops_cross, nzn_overflow_gifts_of_might_and_magic,
          overflow_temple_1_default, minmay_temple_entry_ruins,
          amcnicky_mini_pool_small, uniq_menkaure
D:6:      layout_gridville, nicolae_qazlal_general_emergency, zin_statuary,
          cheibrodos_sewer_entry_bend
D:7:      layout_loops_ring, nicolae_dithmenos_the_darkroom, serial_shops,
          kennysheep_mini, minmay_ruffians
D:8:      layout_cave_pods
D:9:      layout_irregular_city, hellmonk_lair_entry_icy, hiddenorc1_lemuel
Temple:   chequers_temple_sunken
Lair:1:   kb_forest_paths, layout_long_grid, portal_ice_cave_entry_pillars_2,
          beast_lair_carwin_11, serial_bayou_shore_a

Skill      XL: |  1  2  3  4  5  6  7  8  9 10 |
---------------+-------------------------------+-----
Fighting       | 3 4 7 |  7.0
Axes           | 1 2 4 5 7 8 10 | 10.8
Dodging        | 3 4 |  4.0
Maces & Flails | 1 |  1.1
Armour         | 3 4 |  4.0
Evocations     | 5 |  5.0
Throwing       | 3 6 |  6.0
Short Blades   | |  2.6

Action                     |  1- 3 |  4- 6 |  7- 9 | 10-12 || total
---------------------------+-------+-------+-------+-------++-------
  Melee: Rapier            |    64 |       |       |       ||    64
         Hand axe          |    34 |    99 |   389 |   186 ||   708
         Punch             |     1 |       |     4 |     3 ||     8
  Throw: Throwing net      |     1 |     5 |     3 |       ||     9
         Javelin           |     1 |       |       |       ||     1
  Evoke: Wand              |       |     1 |       |       ||     1
    Use: Scroll            |     4 |     5 |     7 |     2 ||    18
         Potion            |       |     1 |     1 |       ||     2
   Stab: Held in net/web   |     1 |       |     1 |       ||     2
 Armour: Leather armour    |    39 |    29 |       |       ||    68
         Steam dragon scal |       |       |    90 |     4 ||    94
         Chain mail        |       |       |       |   112 ||   112
  Dodge: Dodged            |    80 |    75 |   220 |   123 ||   498

Table legend: (Time is in decaauts)
 A = Elapsed time spent in this place.
 B = Non-inter-level travel time spent in this place.
 C = Inter-level travel time spent in this place.
 D = Time resting spent in this place.
 E = Time spent auto-exploring this place.
 F = Levels seen in this place.
 G = Mean time per level.
                   A        B        C        D        E       F      G
               +--------+--------+--------+--------+--------+-----+--------+
         Total |   8797 |   8370 |    427 |   1151 |   5507 |  12 |  733.1 |
       Dungeon |   8060 |   7656 |    404 |   1151 |   5052 |   9 |  895.6 |
        Temple |    226 |    204 |     22 |      0 |    195 |   1 |  226.0 |
          Lair |     24 |     24 |      0 |      0 |      0 |   1 |   24.0 |
         Sewer |    486 |    486 |      0 |      0 |    259 |   1 |  486.0 |
               +--------+--------+--------+--------+--------+-----+--------+

Top non-repeatable levels by time:
     D:7: 1424 daAuts
     D:2: 1081 daAuts
     D:8: 1055 daAuts
     D:9: 1039 daAuts
     D:6: 821 daAuts
     D:5: 807 daAuts
     D:4: 730 daAuts
     D:1: 614 daAuts
   Sewer: 486 daAuts
     D:3: 486 daAuts
  Temple: 226 daAuts
  Lair:1: 24 daAuts
